[Event "3rd International Chess Festival Sport"]
[Site "Paracin"]
[Date "2010.07.16"]
[Round "9.9"]
[White "Damljanovic Branko"]
[Black "Savic Miodrag R"]
[Result "1/2-1/2"]
[ECO "D13"]
[WhiteElo "2541"]
[BlackElo "2477"]
[Annotator "Milojevic,Boban"]
[PlyCount "41"]
[EventDate "2010.??.??"]
[TimeControl "5400"]

1. Nf3 Nf6 2. c4 c6 3. d4 d5 4. cxd5 cxd5 5. Nc3 Nc6 6. Bf4 a6 7. Rc1 e6 8. e3
Bd6 9. Bxd6 Qxd6 10. Bd3 O-O 11. O-O e5 12. dxe5 Nxe5 13. Nxe5 Qxe5 14. Be2 Rd8
15. Qd4 Qxd4 16. exd4 Bd7 17. Nd1 Rac8 18. Ne3 Kf8 19. Rfd1 Ke7 20. f3 Rxc1 21.
Rxc1 1/2-1/2

[Event "3rd International Chess Festival Sport"]
[Site "Paracin"]
[Date "2010.07.16"]
[Round "9.9"]
[White "Simantsev Mikhail"]
[Black "Janev Evgeni"]
[Result "1/2-1/2"]
[ECO "C99"]
[WhiteElo "2539"]
[BlackElo "2453"]
[Annotator "Milojevic,Boban"]
[PlyCount "40"]
[EventDate "2010.??.??"]
[TimeControl "5400"]

1. e4 e5 2. Nf3 Nc6 3. Bb5 a6 4. Ba4 Nf6 5. O-O Be7 6. Re1 b5 7. Bb3 d6 8. c3
O-O 9. h3 Na5 10. Bc2 c5 11. d4 Qc7 12. Nbd2 cxd4 13. cxd4 Nc6 14. d5 Nb4 15.
Bb1 a5 16. a3 Na6 17. Nf1 Nc5 18. Ng3 Bd7 19. Bc2 Rfc8 20. Bd2 g6 1/2-1/2

[Event "3rd International Chess Festival Sport"]
[Site "Paracin"]
[Date "2010.07.16"]
[Round "9.9"]
[White "Nestorovic Dejan"]
[Black "Pavlov Sergey"]
[Result "0-1"]
[ECO "D39"]
[WhiteElo "2423"]
[BlackElo "2524"]
[Annotator "Milojevic,Boban"]
[PlyCount "122"]
[EventDate "2010.??.??"]
[TimeControl "5400"]

1. d4 Nf6 2. c4 e6 3. Nf3 d5 4. Bg5 Bb4+ 5. Nc3 dxc4 6. e4 h6 7. Bxf6 Qxf6 8.
Bxc4 c5 9. O-O O-O 10. e5 Qd8 11. Qe2 cxd4 12. Rad1 Nc6 13. Qe4 Bd7 14. Ne2 Bc5
15. Nexd4 Nxd4 16. Nxd4 Qb6 17. Bd3 g6 18. Nb3 Be7 19. Qg4 h5 20. Qg3 Be8 21.
Rc1 Rd8 22. Be4 a5 23. Rc2 Kg7 24. Qe3 Qxe3 25. fxe3 Bb5 26. Re1 Rd7 27. Nd4
Ba6 28. Kf2 Bd8 29. Rd1 Bb6 30. Rcd2 Rc7 31. Bd3 Rc5 32. Bxa6 bxa6 33. Nf3 Bc7
34. b3 Rc8 35. Ke2 Bxe5 36. Nxe5 Rxe5 37. Rd6 Rc2+ 38. R1d2 Rxd2+ 39. Rxd2 Rc5
40. a4 Rc6 41. h4 Kf6 42. Rd7 Rb6 43. Rd3 Ke5 44. Kf3 f6 45. g3 g5 46. hxg5
fxg5 47. g4 hxg4+ 48. Kxg4 Rc6 49. Kxg5 Ke4 50. Rd1 e5 51. Rh1 Rc5 52. Rh6 Kxe3
53. Rxa6 e4+ 54. Kg4 Ke2 55. Re6 e3 56. Kf4 Rc3 57. Kg3 Rxb3 58. Re5 Ke1 59.
Kg2 e2 60. Rd5 Ra3 61. Rxa5 Kd2 0-1

[Event "3rd International Chess Festival Sport"]
[Site "Paracin"]
[Date "2010.07.16"]
[Round "9.9"]
[White "Abramovic Bosko"]
[Black "Nikolov Sasho"]
[Result "0-1"]
[ECO "D12"]
[WhiteElo "2491"]
[BlackElo "2409"]
[Annotator "Milojevic,Boban"]
[PlyCount "37"]
[EventDate "2010.??.??"]
[TimeControl "5400"]

1. d4 d5 2. c4 c6 3. Nf3 Nf6 4. e3 Bf5 5. Nc3 e6 6. Nh4 Bg4 7. Qb3 Qb6 8. h3
Bh5 9. g4 Bg6 10. Nxg6 hxg6 11. Bg2 Na6 12. Bd2 Be7 13. Ke2 Nc7 14. Qa4 a5 15.
c5 Qa6+ 16. Ke1 e5 17. Qd1 Ne6 18. dxe5 Nd7 19. f4 0-1

[Event "3rd International Chess Festival Sport"]
[Site "Paracin"]
[Date "2010.07.16"]
[Round "9.9"]
[White "Stanojoski Zvonko"]
[Black "Bojovic Dusan"]
[Result "1-0"]
[ECO "A16"]
[WhiteElo "2487"]
[BlackElo "2330"]
[Annotator "Milojevic,Boban"]
[PlyCount "59"]
[EventDate "2010.??.??"]
[TimeControl "5400"]

1. g3 g6 2. Bg2 Bg7 3. c4 d6 4. Nc3 Nf6 5. Rb1 O-O 6. b4 Nbd7 7. Nf3 a5 8. b5
e5 9. O-O Nb6 10. d3 Nfd7 11. Be3 h6 12. Qd2 Kh7 13. Rfc1 f5 14. h4 Nc5 15. Nd5
Be6 16. Nxe5 Bxd5 17. cxd5 Bxe5 18. d4 Bxd4 19. Bxd4 Nbd7 20. Be3 h5 21. Qd4
Qf6 22. Qf4 b6 23. Rd1 Rae8 24. Qh6+ Kg8 25. Bd4 Ne5 26. Bh3 Rf7 27. f4 Rh7 28.
fxe5 dxe5 29. Qe3 f4 30. gxf4 1-0

[Event "3rd International Chess Festival Sport"]
[Site "Paracin"]
[Date "2010.07.16"]
[Round "9.9"]
[White "Zlatanovic Boroljub"]
[Black "Lajthajm Borko"]
[Result "0-1"]
[ECO "A37"]
[WhiteElo "2422"]
[BlackElo "2493"]
[Annotator "Milojevic,Boban"]
[PlyCount "90"]
[EventDate "2010.??.??"]
[TimeControl "5400"]

1. g3 c5 2. Bg2 g6 3. c4 Bg7 4. Nc3 Nc6 5. Nf3 e5 6. O-O f5 7. d3 Nf6 8. a3 O-O
9. Rb1 a5 10. Ne1 d6 11. Nc2 a4 12. Ne3 Nd4 13. Ned5 Nxd5 14. Nxd5 Bd7 15. Bd2
Ra7 16. Bc3 Nb3 17. e3 b5 18. f4 bxc4 19. dxc4 e4 20. Rf2 Be6 21. Bf1 Qd7 22.
h3 Ra6 23. Be2 Qf7 24. g4 Bxc3 25. bxc3 Bxd5 26. Qxd5 Rb6 27. gxf5 gxf5 28.
Rg2+ Kh8 29. Qxf7 Rxf7 30. Bd1 Rg7 31. Rg5 h6 32. Rxg7 Kxg7 33. Kf2 Kf6 34. Ke1
Ke6 35. Bxb3 axb3 36. a4 d5 37. a5 Rb8 38. Kd2 dxc4 39. Kc1 Kd5 40. Kb2 Rg8 41.
Rd1+ Kc6 42. a6 Rg2+ 43. Kb1 Rc2 44. a7 Ra2 45. Kc1 Kb6 0-1

[Event "3rd International Chess Festival Sport"]
[Site "Paracin"]
[Date "2010.07.16"]
[Round "9.9"]
[White "Pantelic Sasa"]
[Black "Milenkovic Mladen"]
[Result "1-0"]
[ECO "A54"]
[WhiteElo "2335"]
[BlackElo "2375"]
[Annotator "Milojevic,Boban"]
[PlyCount "83"]
[EventDate "2010.??.??"]
[TimeControl "5400"]

1. d4 Nf6 2. c4 d6 3. Nc3 e5 4. Nf3 Nc6 5. Bg5 h6 6. Bxf6 Qxf6 7. Nd5 Qd8 8. e3
g5 9. dxe5 dxe5 10. Be2 Bg7 11. Qc2 Ne7 12. Rd1 Nxd5 13. cxd5 g4 14. Bb5+ Kf8
15. Qc5+ Qd6 16. Qxd6+ cxd6 17. Nd2 Ke7 18. Rc1 Kd8 19. f3 gxf3 20. gxf3 Bd7
21. Bxd7 Kxd7 22. Ne4 f5 23. Ng3 Raf8 24. Nh5 Rhg8 25. Rg1 Bh8 26. Ke2 Rg5 27.
Rxg5 hxg5 28. Rg1 e4 29. fxe4 fxe4 30. Rxg5 Bxb2 31. Ng3 Be5 32. Rh5 Bxg3 33.
hxg3 Rg8 34. Rh7+ Kc8 35. Kf2 a5 36. Rh4 Re8 37. g4 b5 38. Kg3 Rf8 39. g5 Rf3+
40. Kg4 Rxe3 41. g6 Re1 42. Kf4 1-0

[Event "3rd International Chess Festival Sport"]
[Site "Paracin"]
[Date "2010.07.16"]
[Round "9.9"]
[White "Weinzettl Ernst"]
[Black "Kryakvin Dmitry"]
[Result "0-1"]
[ECO "B89"]
[WhiteElo "2325"]
[BlackElo "2603"]
[Annotator "Milojevic,Boban"]
[PlyCount "62"]
[EventDate "2010.??.??"]
[TimeControl "5400"]

1. e4 c5 2. Nf3 d6 3. d4 cxd4 4. Nxd4 Nf6 5. Nc3 Nc6 6. Bc4 e6 7. Be3 Be7 8.
Qe2 O-O 9. O-O-O a6 10. Bb3 Qe8 11. f4 b5 12. f5 b4 13. Na4 Nxd4 14. Bxd4 e5
15. Be3 Bb7 16. Nb6 Bxe4 17. Rhf1 Qb5 18. Qxb5 axb5 19. Nxa8 Rxa8 20. Bg5 Rc8
21. Bxf6 gxf6 22. Rd2 Rc5 23. g4 Bf8 24. Kb1 d5 25. Re1 Bh6 26. Rdd1 Bf4 27. h3
Kg7 28. a3 bxa3 29. bxa3 Kh6 30. Kb2 Kg5 31. c3 Kh4 0-1